MANCHESTER MONARCHS vs WASHINGTON BLACKHAWKS
Created - 31 octobre 2025 at 10:21
Goals
|
| MANCHESTER MONARCHS |
0 |
1 |
0 |
1 |
| WASHINGTON BLACKHAWKS |
1 |
2 |
2 |
5 |
|
Shots
|
| MANCHESTER MONARCHS |
7 |
12 |
9 |
28 |
| WASHINGTON BLACKHAWKS |
18 |
19 |
23 |
60 |
|
1st period
1. WASHINGTON BLACKHAWKS , Brett Berard 11 (Max Sasson 4) at 11:59
Penalties :
No Penalty
2nd period
2. MANCHESTER MONARCHS , Ryder Rolston 4 (Christoffer Sedoff 1, Ty Smith 4) at 4:58 (PP)
3. WASHINGTON BLACKHAWKS , Nikita Novikov 3 (Pierrick Dube 9, Brett Berard 2) at 7:38
4. WASHINGTON BLACKHAWKS , Brett Berard 12 (Max Sasson 5, Jake Livingstone 3) at 17:31
Penalties :
Ross Johnston (WSH) for Goalie Interference (Minor) at 3:22
3rd period
5. WASHINGTON BLACKHAWKS , Brett Berard 13 (Pierrick Dube 10, Ryan Tverberg 4) at 3:40 (PP)
6. WASHINGTON BLACKHAWKS , Mike Reilly 1 (Danila Klimovich 4, Lleyton Roed 6) at 12:51
Penalties :
Jamieson Rees (MAN) for Tripping (Minor) at 2:28, David Gucciardi (MAN) for Holding (Minor) at 4:06, Christoffer Sedoff (MAN) for Interference (Minor) at 8:02, Ryder Rolston (MAN) for Slashing (Minor) at 14:04, David Gucciardi (MAN) for Holding (Minor) at 16:11, Akito Hirose (WSH) for High sticking (Minor) at 19:31
Goalie Stats
Michael DiPietro (MAN), 55 saves from 60 shots - (0,917), L, 2-4-0, 60:00 minutes
Colten Ellis (WSH), 27 saves from 28 shots - (0,964), W, 6-1-1, 60:00 minutes
Players Stats for MANCHESTER MONARCHS
Player Name G A P +/- PIM S H SB GA TA FO MP PP MP PK MP
------------------------------------------------------------------------------------
Chase Stillman 0 0 0 -1 0 0 2 0 0 0 1/1 13:44 0:00 0:00
Chase Wheatcroft 0 0 0 -1 0 8 5 0 0 0 2/2 13:44 0:00 0:00
Christoffer Sedoff 0 1 1 -1 2 3 4 0 0 0 0/0 20:58 0:27 3:34
Daniil Zhilkin 0 0 0 0 0 0 0 0 0 0 0/0 0:00 0:00 0:00
David Gucciardi 0 0 0 -2 4 1 0 6 0 0 0/0 14:03 0:00 1:08
Jamieson Rees 0 0 0 0 2 0 0 0 0 0 4/6 4:11 0:00 0:00
Jared Davidson 0 0 0 -2 0 4 0 0 0 0 24/42 26:15 1:37 5:11
Jayden Struble 0 0 0 -1 0 1 6 3 0 0 0/0 24:56 1:37 4:26
Kole Lind 0 0 0 -2 0 1 2 0 0 0 1/2 26:15 1:37 5:11
Mackenzie MacEachern 0 0 0 -2 0 3 1 0 0 0 3/5 20:49 1:37 3:57
Nicholas Abruzzese 0 0 0 -1 0 2 1 0 0 0 2/2 16:04 0:27 0:00
Noah Juulsen 0 0 0 -1 0 1 3 0 0 0 0/0 24:39 1:37 4:26
Roni Hirvonen 0 0 0 -1 0 1 1 0 0 0 3/3 16:04 0:27 0:00
Ryan McAllister 0 0 0 0 0 0 0 0 0 0 0/0 0:00 0:00 0:00
Ryder Rolston 1 0 1 -1 2 2 3 0 0 0 8/20 18:57 0:27 2:54
Scooter Brickey 0 0 0 -2 0 0 3 2 0 0 0/0 14:28 0:00 0:36
Ty Smith 0 1 1 -1 0 0 2 6 0 0 0/0 20:53 0:27 4:06
Tyler Madden 0 0 0 -1 0 1 0 1 0 0 6/14 14:47 0:00 1:03
Players Stats for WASHINGTON BLACKHAWKS
Player Name G A P +/- PIM S H SB GA TA FO MP PP MP PK MP
------------------------------------------------------------------------------------
Akito Hirose 0 0 0 2 2 0 0 0 0 0 0/0 6:13 0:00 0:00
Brett Berard 3 1 4 3 0 13 2 1 0 0 3/13 23:49 4:08 0:30
Danila Klimovich 0 1 1 1 0 6 2 0 0 0 6/9 25:01 4:54 1:34
Jake Livingstone 0 1 1 3 0 1 2 4 0 0 0/0 24:49 5:38 1:09
Jon-Randall Avon 0 0 0 0 0 2 0 0 0 0 1/1 11:04 0:00 0:00
Kyle McDonald 0 0 0 0 0 0 0 0 0 0 0/0 0:40 0:40 0:00
Lleyton Roed 0 1 1 1 0 9 0 0 0 0 2/5 25:01 4:54 1:34
Max McCormick 0 0 0 0 0 0 0 0 0 0 0/0 0:00 0:00 0:00
Max Sasson 0 2 2 2 0 2 0 0 0 0 2/3 13:36 0:00 0:00
Mike Reilly 1 0 1 1 0 3 0 3 0 0 0/0 19:06 0:00 0:00
Nick DeSimone 0 0 0 1 0 6 0 2 0 0 0/0 23:25 3:30 0:55
Nikita Novikov 1 0 1 1 0 6 0 2 0 0 0/0 30:21 5:38 1:09
Pierrick Dube 0 2 2 3 0 5 0 0 0 0 1/3 23:55 4:14 0:30
Ross Johnston 0 0 0 1 2 4 7 0 0 0 5/14 20:58 4:20 0:00
Ryan Tverberg 0 1 1 1 0 0 1 0 0 0 12/29 22:04 4:14 0:00
Samuel Lipkin 0 0 0 0 0 2 0 0 0 0 11/20 11:47 0:00 0:00
Viliam Kmec 0 0 0 0 0 1 1 0 0 0 0/0 16:05 3:30 0:55
Zack MacEwen 0 0 0 0 0 0 0 0 0 0 0/0 0:00 0:00 0:00
3 Stars
1 - Brett Berard (WSH)
2 - Pierrick Dube (WSH)
3 - Jake Livingstone (WSH)
Power Play
MANCHESTER MONARCHS - 1 on 2 Attempt(s) - 50,00%
WASHINGTON BLACKHAWKS - 1 on 5 Attempt(s) - 20,00%
Penalty Kill
MANCHESTER MONARCHS - 4 on 5 Attempt(s) - 80,00%
- Score 0 goal in Penalty Kill
WASHINGTON BLACKHAWKS - 1 on 2 Attempt(s) - 50,00%
- Score 0 goal in Penalty Kill
Team Stat
MANCHESTER MONARCHS - Hits : 33 - Faceoff Wins : 54 - Blocked Shots : 18 - Penalty Minutes : 10
WASHINGTON BLACKHAWKS - Hits : 15 - Faceoff Wins : 43 - Blocked Shots : 12 - Penalty Minutes : 4
Official
Referees : Ryan Hersey and Ian Walsh
Linesman : Libor Suchanek and Kyle Flemington
Game Notes
Brett Berard has scored a Hat Trick!
MANCHESTER MONARCHS
5 vs 5 Forward
Center Left Wing Right Wing Time % Phy DF OF
1 Jared Davidson Kole Lind Mackenzie MacEachern 36 1 2 2
2 Ryder Rolston Nicholas Abruzzese Roni Hirvonen 31 1 2 2
3 Tyler Madden Chase Wheatcroft Chase Stillman 23 1 2 2
4 Jamieson Rees Jared Davidson Kole Lind 10 1 2 2
5 vs 5 Defense
Defense Defense Time % Phy DF OF
1 Jayden Struble Noah Juulsen 36 1 2 2
2 Ty Smith Christoffer Sedoff 31 1 2 2
3 Scooter Brickey David Gucciardi 23 1 2 2
4 Jayden Struble Noah Juulsen 10 1 2 2
PowerPlay Forward
Center Left Wing Right Wing Time % Phy DF OF
1 Jared Davidson Kole Lind Mackenzie MacEachern 55 1 2 2
2 Ryder Rolston Nicholas Abruzzese Roni Hirvonen 45 1 2 2
PowerPlay Defense
Defense Defense Time % Phy DF OF
1 Jayden Struble Noah Juulsen 55 1 2 2
2 Ty Smith Christoffer Sedoff 45 1 2 2
Penalty Kill 4 Players Forward
Center Wing Time % Phy DF OF
1 Jared Davidson Kole Lind 55 1 2 2
2 Mackenzie MacEachern Ryder Rolston 45 1 2 2
Penalty Kill 4 Players Defense
Defense Defense Time % Phy DF OF
1 Jayden Struble Noah Juulsen 55 1 2 2
2 Ty Smith Christoffer Sedoff 45 1 2 2
Penalty Kill - 3 Players Forward
Forward Time % Phy DF OF
1 Jared Davidson 55 1 2 2
2 Kole Lind 45 1 2 2
Penalty Kill - 3 Players Defense
Defense Defense Time % Phy DF OF
1 Jayden Struble Noah Juulsen 55 1 2 2
2 Ty Smith Christoffer Sedoff 45 1 2 2
4 vs 4 Forward
Center Wing Time % Phy DF OF
1 Jared Davidson Kole Lind 55 1 2 2
2 Mackenzie MacEachern Ryder Rolston 45 1 2 2
4 vs 4 Defense
Defense Defense Time % Phy DF OF
1 Jayden Struble Noah Juulsen 55 1 2 2
2 Ty Smith Christoffer Sedoff 45 1 2 2
Last Minutes Offensive
Center Left Wing Right Wing Defense Defense
Jared Davidson Kole Lind Mackenzie MacEachern Jayden Struble Noah Juulsen
Last Minutes Defensive
Center Left Wing Right Wing Defense Defense
Jared Davidson Kole Lind Mackenzie MacEachern Jayden Struble Noah Juulsen
Goaltenders
Starting : Michael DiPietro
Backup : Drew Commesso
Extra Forwards
Normal : Daniil Zhilkin, Ryan McAllister, Tyler Madden - PP : Daniil Zhilkin, Ryan McAllister - PK : Tyler Madden
Extra Defensemen
Normal : Scooter Brickey, David Gucciardi, Ty Smith - PP : Scooter Brickey - PK : David Gucciardi, Ty Smith
Penalty Shots
Jared Davidson, Kole Lind, Mackenzie MacEachern, Ryder Rolston, Tyler Madden
Scratches
Brayden Tracey (Healthy), Michael Pezzetta (Healthy), Blake Biondi (Healthy), Blake Smith (Healthy), Cam Squires (Healthy)
Justin Hryckowian (Healthy), Grigori Denisenko (Healthy), Peter DiLiberatore (Healthy), Trevor Janicke (Healthy), Isak Posch (Healthy)
Tristan Lennox (Healthy)
WASHINGTON BLACKHAWKS
5 vs 5 Forward
Center Left Wing Right Wing Time % Phy DF OF
1 Ryan Tverberg Danila Klimovich Lleyton Roed 30 1 2 2
2 Ross Johnston Brett Berard Pierrick Dube 29 1 2 2
3 Brett Berard Pierrick Dube Max Sasson 23 1 2 2
4 Samuel Lipkin Ross Johnston Jon-Randall Avon 18 1 2 2
5 vs 5 Defense
Defense Defense Time % Phy DF OF
1 Nikita Novikov Jake Livingstone 36 1 2 2
2 Mike Reilly Nick DeSimone 31 1 2 2
3 Nikita Novikov Viliam Kmec 23 1 2 2
4 Nikita Novikov Jake Livingstone 10 1 2 2
PowerPlay Forward
Center Left Wing Right Wing Time % Phy DF OF
1 Ryan Tverberg Pierrick Dube Brett Berard 55 1 2 2
2 Danila Klimovich Lleyton Roed Ross Johnston 45 1 2 2
PowerPlay Defense
Defense Defense Time % Phy DF OF
1 Nikita Novikov Jake Livingstone 55 1 2 2
2 Viliam Kmec Nick DeSimone 45 1 2 2
Penalty Kill 4 Players Forward
Center Wing Time % Phy DF OF
1 Danila Klimovich Lleyton Roed 55 1 2 2
2 Pierrick Dube Brett Berard 45 1 2 2
Penalty Kill 4 Players Defense
Defense Defense Time % Phy DF OF
1 Jake Livingstone Nikita Novikov 55 1 2 2
2 Nick DeSimone Viliam Kmec 45 1 2 2
Penalty Kill - 3 Players Forward
Forward Time % Phy DF OF
1 Pierrick Dube 55 1 2 2
2 Ryan Tverberg 45 1 2 2
Penalty Kill - 3 Players Defense
Defense Defense Time % Phy DF OF
1 Jake Livingstone Nikita Novikov 55 1 2 2
2 Viliam Kmec Nick DeSimone 45 1 2 2
4 vs 4 Forward
Center Wing Time % Phy DF OF
1 Brett Berard Ryan Tverberg 55 1 2 2
2 Danila Klimovich Pierrick Dube 45 1 2 2
4 vs 4 Defense
Defense Defense Time % Phy DF OF
1 Nikita Novikov Jake Livingstone 55 1 2 2
2 Nick DeSimone Viliam Kmec 45 1 2 2
Last Minutes Offensive
Center Left Wing Right Wing Defense Defense
Danila Klimovich Brett Berard Lleyton Roed Nikita Novikov Jake Livingstone
Last Minutes Defensive
Center Left Wing Right Wing Defense Defense
Danila Klimovich Brett Berard Lleyton Roed Nikita Novikov Jake Livingstone
Goaltenders
Starting : Colten Ellis
Backup : Pheonix Copley
Extra Forwards
Normal : Brett Berard, Lleyton Roed, Pierrick Dube - PP : Pierrick Dube, Ross Johnston - PK : Pierrick Dube
Extra Defensemen
Normal : Jake Livingstone, Nikita Novikov, Nick DeSimone - PP : Jake Livingstone - PK : Nick DeSimone, Nikita Novikov
Penalty Shots
Pierrick Dube, Lleyton Roed, Ross Johnston, Max Sasson, Ryan Tverberg
Scratches
Andreas Englund (Healthy), Brady Stonehouse (Healthy), Cooper Flinton (Healthy), Marshall Warren (Healthy), Max Wanner (Healthy)
Oliver Kylington (Healthy), Josh Filmon (Healthy), Ryan Hofer (Healthy), Quinn Hutson (Healthy), Olivier Rodrigue (Healthy)
William Rousseau (Healthy), Vadim Zherenko (Healthy)
% Time on Ice - MANCHESTER MONARCHS
Lines # - Real PCT - Wanted PCT - Time Play
Normal Forward
1 - 31% - 36% - 15:15
2 - 32% - 31% - 15:37
3 - 28% - 23% - 13:44
4 - 9% - 10% - 4:12
Normal Defense
1 - 34% - 36% - 16:36
2 - 33% - 31% - 16:20
3 - 27% - 23% - 13:18
4 - 5% - 10% - 2:34
PP Forward
1 - 78% - 55% - 1:37
2 - 22% - 45% - 0:27
PP Defense
1 - 78% - 55% - 1:37
2 - 22% - 45% - 0:27
PK Forward
1 - 57% - 55% - 5:11
2 - 43% - 45% - 3:57
PK Defense
1 - 49% - 55% - 4:26
2 - 51% - 45% - 4:42
PK3 Forward
1 - 0% - 55%
2 - 0% - 45%
PK3 Defense
1 - 0% - 55%
2 - 0% - 45%
44 Forward
1 - 0% - 55%
2 - 0% - 45%
44 Defense
1 - 0% - 55%
2 - 0% - 45%
Last Minute Offensive - 0:00
Last Minute Defensive - 0:00
Total
Forward - 60:00
Defense - 60:00
|
% Time on Ice - WASHINGTON BLACKHAWKS
Lines # - Real PCT - Wanted PCT - Time Play
Normal Forward
1 - 38% - 30% - 18:33
2 - 11% - 29% - 5:35
3 - 28% - 23% - 13:36
4 - 23% - 18% - 11:04
Normal Defense
1 - 32% - 36% - 15:36
2 - 39% - 31% - 19:06
3 - 24% - 23% - 11:40
4 - 5% - 10% - 2:26
PP Forward
1 - 46% - 55% - 4:14
2 - 54% - 45% - 4:54
PP Defense
1 - 62% - 55% - 5:38
2 - 38% - 45% - 3:30
PK Forward
1 - 76% - 55% - 1:34
2 - 24% - 45% - 0:30
PK Defense
1 - 56% - 55% - 1:09
2 - 44% - 45% - 0:55
PK3 Forward
1 - 0% - 55%
2 - 0% - 45%
PK3 Defense
1 - 0% - 55%
2 - 0% - 45%
44 Forward
1 - 0% - 55%
2 - 0% - 45%
44 Defense
1 - 0% - 55%
2 - 0% - 45%
Last Minute Offensive - 0:00
Last Minute Defensive - 0:00
Total
Forward - 60:00
Defense - 60:00
|
Play-by-Play
1st period
0:01 of 1st period - Jared Davidson wins face-off versus Ryan Tverberg in neutral zone.
0:10 of 1st period - Shot by Mackenzie MacEachern.
0:10 of 1st period - Stopped by Colten Ellis without a rebound.
0:11 of 1st period - Ross Johnston wins face-off versus Ryder Rolston in WASHINGTON BLACKHAWKS zone.
0:34 of 1st period - Brett Berard is hit by Christoffer Sedoff and loses puck.
0:37 of 1st period - Shot by Nick DeSimone.
0:37 of 1st period - Stopped by Michael DiPietro with a rebound.
0:39 of 1st period - Shot by Nick DeSimone.
0:39 of 1st period - Stopped by Michael DiPietro with a rebound.
0:41 of 1st period - Shot by Brett Berard.
0:41 of 1st period - Shot Misses the Net.
0:57 of 1st period - Ty Smith is hit by Danila Klimovich and loses puck.
1:09 of 1st period - Ryan Tverberg is hit by Ty Smith and loses puck.
1:19 of 1st period - Shot by Nikita Novikov.
1:19 of 1st period - Stopped by Michael DiPietro with a rebound.
1:22 of 1st period - Danila Klimovich is hit by Ty Smith and loses puck.
1:25 of 1st period - Shot by Nikita Novikov.
1:25 of 1st period - Shot Misses the Net.
1:27 of 1st period - Shot by Lleyton Roed.
1:27 of 1st period - Stopped by Michael DiPietro without a rebound.
1:28 of 1st period - Samuel Lipkin wins face-off versus Jared Davidson in MANCHESTER MONARCHS zone.
1:51 of 1st period - Shot by Ross Johnston.
1:51 of 1st period - Stopped by Michael DiPietro without a rebound.
1:52 of 1st period - Brett Berard wins face-off versus Tyler Madden in MANCHESTER MONARCHS zone.
1:55 of 1st period - Shot by Brett Berard.
1:55 of 1st period - Stopped by Michael DiPietro with a rebound.
1:57 of 1st period - Shot by Max Sasson.
1:57 of 1st period - Shot Misses the Net.
2:03 of 1st period - Shot by Max Sasson.
2:03 of 1st period - Shot Misses the Net.
2:05 of 1st period - Shot by Brett Berard.
2:05 of 1st period - Stopped by Michael DiPietro without a rebound.
2:06 of 1st period - Ryan Tverberg wins face-off versus Kole Lind in MANCHESTER MONARCHS zone.
2:06 of 1st period - Lleyton Roed is hit by Jayden Struble and loses puck.
2:24 of 1st period - Shot by Jared Davidson.
2:24 of 1st period - Shot Blocked by Jake Livingstone.
2:32 of 1st period - Shot by Danila Klimovich.
2:32 of 1st period - Shot Misses the Net.
3:12 of 1st period - Pierrick Dube is hit by Chase Wheatcroft.
3:22 of 1st period - Shot by Pierrick Dube.
3:22 of 1st period - Stopped by Michael DiPietro without a rebound.
3:23 of 1st period - Samuel Lipkin wins face-off versus Ryder Rolston in MANCHESTER MONARCHS zone.
3:26 of 1st period - Shot by Ross Johnston.
3:26 of 1st period - Deflect By Jon-Randall Avon.
3:26 of 1st period - Stopped by Michael DiPietro without a rebound.
3:27 of 1st period - Samuel Lipkin wins face-off versus Tyler Madden in MANCHESTER MONARCHS zone.
3:42 of 1st period - Shot by Chase Wheatcroft.
3:42 of 1st period - Stopped by Colten Ellis with a rebound.
3:45 of 1st period - Icing by Ross Johnston.
3:46 of 1st period - Ryder Rolston wins face-off versus Samuel Lipkin in WASHINGTON BLACKHAWKS zone.
5:09 of 1st period - Mackenzie MacEachern is hit by Jake Livingstone and loses puck.
5:14 of 1st period - Shot by Jared Davidson.
5:14 of 1st period - Stopped by Colten Ellis with a rebound.
5:39 of 1st period - Pierrick Dube is hit by Chase Stillman and loses puck.
5:44 of 1st period - Brett Berard is hit by Chase Wheatcroft and loses puck.
6:03 of 1st period - Shot by Chase Wheatcroft.
6:03 of 1st period - Stopped by Colten Ellis with a rebound.
6:05 of 1st period - Shot by David Gucciardi.
6:05 of 1st period - Shot Hit the Post.
6:17 of 1st period - Icing by David Gucciardi.
6:18 of 1st period - Ryan Tverberg wins face-off versus Tyler Madden in MANCHESTER MONARCHS zone.
6:47 of 1st period - Danila Klimovich is hit by Chase Wheatcroft and loses puck.
6:51 of 1st period - Nick DeSimone is hit by Scooter Brickey and loses puck.
8:43 of 1st period - Mike Reilly is hit by Ryder Rolston and loses puck.
9:17 of 1st period - Icing by Samuel Lipkin.
9:18 of 1st period - Chase Wheatcroft wins face-off versus Samuel Lipkin in WASHINGTON BLACKHAWKS zone.
9:34 of 1st period - Shot by Chase Wheatcroft.
9:34 of 1st period - Stopped by Colten Ellis without a rebound.
9:35 of 1st period - Jared Davidson wins face-off versus Brett Berard in WASHINGTON BLACKHAWKS zone.
9:55 of 1st period - Icing by Jayden Struble.
9:56 of 1st period - Jared Davidson wins face-off versus Ross Johnston in MANCHESTER MONARCHS zone.
9:56 of 1st period - Jared Davidson is hit by Ross Johnston.
10:21 of 1st period - Shot by Jon-Randall Avon.
10:21 of 1st period - Shot Misses the Net.
10:37 of 1st period - Shot by Danila Klimovich.
10:37 of 1st period - Stopped by Michael DiPietro without a rebound.
10:38 of 1st period - Tyler Madden wins face-off versus Brett Berard in MANCHESTER MONARCHS zone.
10:59 of 1st period - Shot by Brett Berard.
10:59 of 1st period - Deflect By Pierrick Dube.
10:59 of 1st period - Stopped by Michael DiPietro without a rebound.
11:00 of 1st period - Jared Davidson wins face-off versus Ryan Tverberg in MANCHESTER MONARCHS zone.
11:53 of 1st period - Shot by Samuel Lipkin.
11:53 of 1st period - Stopped by Michael DiPietro without a rebound.
11:54 of 1st period - Max Sasson wins face-off versus Ryder Rolston in MANCHESTER MONARCHS zone.
11:57 of 1st period - Shot by Brett Berard.
11:57 of 1st period - Stopped by Michael DiPietro with a rebound.
11:59 of 1st period - Shot by Brett Berard.
11:59 of 1st period - Goal by Brett Berard - MANCHESTER MONARCHS : 0 - WASHINGTON BLACKHAWKS : 1.
12:00 of 1st period - Roni Hirvonen wins face-off versus Samuel Lipkin in neutral zone.
12:08 of 1st period - Shot by Samuel Lipkin.
12:08 of 1st period - Shot Blocked by Ty Smith.
12:10 of 1st period - Shot by Nick DeSimone.
12:10 of 1st period - Stopped by Michael DiPietro with a rebound.
12:22 of 1st period - Shot by Ross Johnston.
12:22 of 1st period - Shot Misses the Net.
13:41 of 1st period - Danila Klimovich is hit by Noah Juulsen and loses puck.
14:23 of 1st period - Shot by Mackenzie MacEachern.
14:23 of 1st period - Shot Misses the Net.
14:27 of 1st period - Shot by Jared Davidson.
14:27 of 1st period - Stopped by Colten Ellis with a rebound.
14:34 of 1st period - Off-side.
14:35 of 1st period - Pierrick Dube wins face-off versus Ryder Rolston in neutral zone.
14:43 of 1st period - Ross Johnston is hit by Christoffer Sedoff and loses puck.
14:53 of 1st period - Pierrick Dube is hit by Christoffer Sedoff and loses puck.
14:58 of 1st period - Shot by Pierrick Dube.
14:58 of 1st period - Shot Misses the Net.
15:00 of 1st period - Shot by Nick DeSimone.
15:00 of 1st period - Stopped by Michael DiPietro without a rebound.
15:01 of 1st period - Jamieson Rees wins face-off versus Samuel Lipkin in MANCHESTER MONARCHS zone.
15:01 of 1st period - Jamieson Rees is hit by Ross Johnston.
15:04 of 1st period - Icing by Jared Davidson.
15:05 of 1st period - Jamieson Rees wins face-off versus Brett Berard in MANCHESTER MONARCHS zone.
15:05 of 1st period - Jamieson Rees is hit by Brett Berard.
15:25 of 1st period - Shot by Max Sasson.
15:25 of 1st period - Shot Misses the Net.
17:28 of 1st period - Shot by Danila Klimovich.
17:28 of 1st period - Shot Misses the Net.
17:36 of 1st period - Shot by Ryan Tverberg.
17:36 of 1st period - Deflect By Danila Klimovich.
17:36 of 1st period - Stopped by Michael DiPietro with a rebound.
17:46 of 1st period - Nikita Novikov is hit by Chase Wheatcroft and loses puck.
18:50 of 1st period - Shot by Chase Wheatcroft.
18:50 of 1st period - Stopped by Colten Ellis without a rebound.
18:51 of 1st period - Jamieson Rees wins face-off versus Brett Berard in WASHINGTON BLACKHAWKS zone.
19:27 of 1st period - Icing by Jayden Struble.
19:28 of 1st period - Samuel Lipkin wins face-off versus Jamieson Rees in MANCHESTER MONARCHS zone.
19:50 of 1st period - Shot by Samuel Lipkin.
19:50 of 1st period - Stopped by Michael DiPietro without a rebound.
19:51 of 1st period - Tyler Madden wins face-off versus Brett Berard in MANCHESTER MONARCHS zone.
Goals for this period are 0 for MANCHESTER MONARCHS vs 1 for WASHINGTON BLACKHAWKS.
Shots for this period are 7 for MANCHESTER MONARCHS vs 18 for WASHINGTON BLACKHAWKS.
2nd period
0:01 of 2nd period - Jared Davidson wins face-off versus Ross Johnston in neutral zone.
0:07 of 2nd period - Off-side.
0:08 of 2nd period - Jared Davidson wins face-off versus Ross Johnston in neutral zone.
0:25 of 2nd period - Brett Berard is hit by Noah Juulsen and loses puck.
0:40 of 2nd period - Shot by Ross Johnston.
0:40 of 2nd period - Shot Blocked by Jayden Struble.
0:49 of 2nd period - Jared Davidson is hit by Ross Johnston and loses puck.
0:59 of 2nd period - Icing by Jayden Struble.
1:00 of 2nd period - Jared Davidson wins face-off versus Ryan Tverberg in MANCHESTER MONARCHS zone.
1:15 of 2nd period - Shot by Lleyton Roed.
1:15 of 2nd period - Stopped by Michael DiPietro with a rebound.
1:17 of 2nd period - Shot by Danila Klimovich.
1:17 of 2nd period - Shot Blocked by Ty Smith.
1:19 of 2nd period - Shot by Nick DeSimone.
1:19 of 2nd period - Shot Blocked by Ty Smith.
1:21 of 2nd period - Shot by Mike Reilly.
1:21 of 2nd period - Shot Blocked by Ty Smith.
1:23 of 2nd period - Shot by Danila Klimovich.
1:23 of 2nd period - Shot Blocked by Ty Smith.
1:25 of 2nd period - Shot by Nick DeSimone.
1:25 of 2nd period - Stopped by Michael DiPietro without a rebound.
1:26 of 2nd period - Samuel Lipkin wins face-off versus Tyler Madden in MANCHESTER MONARCHS zone.
1:47 of 2nd period - Shot by Tyler Madden.
1:47 of 2nd period - Stopped by Colten Ellis without a rebound.
1:48 of 2nd period - Roni Hirvonen wins face-off versus Ryan Tverberg in WASHINGTON BLACKHAWKS zone.
1:49 of 2nd period - Shot by Ryder Rolston.
1:49 of 2nd period - Shot Blocked by Nick DeSimone.
2:19 of 2nd period - Shot by Danila Klimovich.
2:19 of 2nd period - Stopped by Michael DiPietro with a rebound.
2:21 of 2nd period - Shot by Mike Reilly.
2:21 of 2nd period - Shot Misses the Net.
2:59 of 2nd period - Shot by Brett Berard.
2:59 of 2nd period - Deflect By Max Sasson.
2:59 of 2nd period - Shot Misses the Net.
3:01 of 2nd period - Shot by Nikita Novikov.
3:01 of 2nd period - Shot Misses the Net.
3:11 of 2nd period - Shot by Brett Berard.
3:11 of 2nd period - Stopped by Michael DiPietro without a rebound.
3:12 of 2nd period - Jared Davidson wins face-off versus Samuel Lipkin in MANCHESTER MONARCHS zone.
3:12 of 2nd period - Jared Davidson is hit by Ross Johnston.
3:22 of 2nd period - Minor Penalty to Ross Johnston for Goalie Interference.
3:23 of 2nd period - Danila Klimovich wins face-off versus Jared Davidson in WASHINGTON BLACKHAWKS zone.
3:29 of 2nd period - Icing by Jared Davidson.
3:30 of 2nd period - Danila Klimovich wins face-off versus Jared Davidson in MANCHESTER MONARCHS zone.
3:39 of 2nd period - Shot by Jayden Struble.
3:39 of 2nd period - Deflect By Jared Davidson.
3:39 of 2nd period - Shot Misses the Net.
3:41 of 2nd period - Shot by Jared Davidson.
3:41 of 2nd period - Shot Misses the Net.
3:45 of 2nd period - Shot by Jayden Struble.
3:45 of 2nd period - Shot Hit the Post.
3:47 of 2nd period - Shot by Jayden Struble.
3:47 of 2nd period - Stopped by Colten Ellis without a rebound.
3:48 of 2nd period - Danila Klimovich wins face-off versus Jared Davidson in WASHINGTON BLACKHAWKS zone.
4:10 of 2nd period - Icing by Jayden Struble.
4:11 of 2nd period - Jared Davidson wins face-off versus Pierrick Dube in MANCHESTER MONARCHS zone.
4:42 of 2nd period - Shot by Ty Smith.
4:42 of 2nd period - Shot Blocked by Jake Livingstone.
4:44 of 2nd period - Shot by Christoffer Sedoff.
4:44 of 2nd period - Stopped by Colten Ellis without a rebound.
4:45 of 2nd period - Ryder Rolston wins face-off versus Pierrick Dube in WASHINGTON BLACKHAWKS zone.
4:52 of 2nd period - Shot by Ty Smith.
4:52 of 2nd period - Shot Misses the Net.
4:54 of 2nd period - Shot by Christoffer Sedoff.
4:54 of 2nd period - Stopped by Colten Ellis with a rebound.
4:56 of 2nd period - Shot by Christoffer Sedoff.
4:56 of 2nd period - Stopped by Colten Ellis with a rebound.
4:58 of 2nd period - Shot by Ryder Rolston.
4:58 of 2nd period - Goal by Ryder Rolston - MANCHESTER MONARCHS : 1 - WASHINGTON BLACKHAWKS : 1.
4:59 of 2nd period - Samuel Lipkin wins face-off versus Tyler Madden in neutral zone.
5:02 of 2nd period - Shot by Ross Johnston.
5:02 of 2nd period - Shot Misses the Net.
5:12 of 2nd period - Shot by Chase Wheatcroft.
5:12 of 2nd period - Shot Blocked by Jake Livingstone.
5:14 of 2nd period - Shot by David Gucciardi.
5:14 of 2nd period - Stopped by Colten Ellis with a rebound.
5:16 of 2nd period - Shot by Chase Wheatcroft.
5:16 of 2nd period - Shot Blocked by Jake Livingstone.
5:18 of 2nd period - Shot by Chase Wheatcroft.
5:18 of 2nd period - Stopped by Colten Ellis without a rebound.
5:19 of 2nd period - Jamieson Rees wins face-off versus Ryan Tverberg in WASHINGTON BLACKHAWKS zone.
5:42 of 2nd period - Shot by Kole Lind.
5:42 of 2nd period - Stopped by Colten Ellis with a rebound.
5:48 of 2nd period - Shot by Jared Davidson.
5:48 of 2nd period - Shot Misses the Net.
6:13 of 2nd period - Shot by Ty Smith.
6:13 of 2nd period - Shot Misses the Net.
6:15 of 2nd period - Shot by Ty Smith.
6:15 of 2nd period - Shot Blocked by Nick DeSimone.
6:17 of 2nd period - Shot by Tyler Madden.
6:17 of 2nd period - Deflect By Chase Wheatcroft.
6:17 of 2nd period - Shot Blocked by Mike Reilly.
6:55 of 2nd period - Off-side.
6:56 of 2nd period - Samuel Lipkin wins face-off versus Ryder Rolston in neutral zone.
7:01 of 2nd period - Shot by Ross Johnston.
7:01 of 2nd period - Stopped by Michael DiPietro without a rebound.
7:02 of 2nd period - Jared Davidson wins face-off versus Ross Johnston in MANCHESTER MONARCHS zone.
7:14 of 2nd period - Icing by Nikita Novikov.
7:15 of 2nd period - Roni Hirvonen wins face-off versus Ross Johnston in WASHINGTON BLACKHAWKS zone.
7:19 of 2nd period - Icing by Nikita Novikov.
7:20 of 2nd period - Ross Johnston wins face-off versus Jared Davidson in WASHINGTON BLACKHAWKS zone.
7:36 of 2nd period - Shot by Pierrick Dube.
7:36 of 2nd period - Shot Blocked by Jayden Struble.
7:38 of 2nd period - Shot by Nikita Novikov.
7:38 of 2nd period - Goal by Nikita Novikov - MANCHESTER MONARCHS : 1 - WASHINGTON BLACKHAWKS : 2.
7:39 of 2nd period - Ryder Rolston wins face-off versus Brett Berard in neutral zone.
7:48 of 2nd period - Shot by Nicholas Abruzzese.
7:48 of 2nd period - Shot Blocked by Brett Berard.
7:56 of 2nd period - Shot by Max Sasson.
7:56 of 2nd period - Shot Blocked by David Gucciardi.
7:58 of 2nd period - Shot by Nikita Novikov.
7:58 of 2nd period - Shot Blocked by David Gucciardi.
8:00 of 2nd period - Shot by Nikita Novikov.
8:00 of 2nd period - Shot Blocked by David Gucciardi.
8:02 of 2nd period - Shot by Max Sasson.
8:02 of 2nd period - Stopped by Michael DiPietro without a rebound.
8:03 of 2nd period - Ryan Tverberg wins face-off versus Jared Davidson in MANCHESTER MONARCHS zone.
8:08 of 2nd period - Shot by Danila Klimovich.
8:08 of 2nd period - Shot Misses the Net.
8:10 of 2nd period - Shot by Mike Reilly.
8:10 of 2nd period - Stopped by Michael DiPietro without a rebound.
8:11 of 2nd period - Jared Davidson wins face-off versus Ryan Tverberg in MANCHESTER MONARCHS zone.
8:33 of 2nd period - Shot by Jared Davidson.
8:33 of 2nd period - Shot Blocked by Nikita Novikov.
8:38 of 2nd period - Off-side.
8:39 of 2nd period - Tyler Madden wins face-off versus Ross Johnston in neutral zone.
8:51 of 2nd period - Icing by Ty Smith.
8:52 of 2nd period - Tyler Madden wins face-off versus Samuel Lipkin in MANCHESTER MONARCHS zone.
8:57 of 2nd period - Shot by Ty Smith.
8:57 of 2nd period - Shot Misses the Net.
9:02 of 2nd period - Ross Johnston is hit by Chase Stillman and loses puck.
9:17 of 2nd period - Shot by Ross Johnston.
9:17 of 2nd period - Shot Misses the Net.
10:52 of 2nd period - Shot by Lleyton Roed.
10:52 of 2nd period - Stopped by Michael DiPietro without a rebound.
10:53 of 2nd period - Samuel Lipkin wins face-off versus Tyler Madden in MANCHESTER MONARCHS zone.
11:13 of 2nd period - Shot by Jon-Randall Avon.
11:13 of 2nd period - Stopped by Michael DiPietro with a rebound.
12:00 of 2nd period - Shot by Lleyton Roed.
12:00 of 2nd period - Stopped by Michael DiPietro with a rebound.
13:11 of 2nd period - Shot by Jon-Randall Avon.
13:11 of 2nd period - Shot Blocked by Tyler Madden.
13:13 of 2nd period - Shot by Nikita Novikov.
13:13 of 2nd period - Stopped by Michael DiPietro without a rebound.
13:14 of 2nd period - Ryan Tverberg wins face-off versus Jared Davidson in MANCHESTER MONARCHS zone.
13:17 of 2nd period - Shot by Danila Klimovich.
13:17 of 2nd period - Stopped by Michael DiPietro without a rebound.
13:18 of 2nd period - Jared Davidson wins face-off versus Ryan Tverberg in MANCHESTER MONARCHS zone.
13:25 of 2nd period - Shot by Jared Davidson.
13:25 of 2nd period - Shot Misses the Net.
13:49 of 2nd period - Shot by Mackenzie MacEachern.
13:49 of 2nd period - Stopped by Colten Ellis without a rebound.
13:50 of 2nd period - Max Sasson wins face-off versus Ryder Rolston in WASHINGTON BLACKHAWKS zone.
13:57 of 2nd period - Shot by Max Sasson.
13:57 of 2nd period - Shot Blocked by Scooter Brickey.
14:11 of 2nd period - Shot by Roni Hirvonen.
14:11 of 2nd period - Shot Blocked by Mike Reilly.
14:46 of 2nd period - Ross Johnston is hit by Noah Juulsen and loses puck.
15:07 of 2nd period - Shot by Lleyton Roed.
15:07 of 2nd period - Stopped by Michael DiPietro without a rebound.
15:08 of 2nd period - Jared Davidson wins face-off versus Ryan Tverberg in MANCHESTER MONARCHS zone.
15:35 of 2nd period - Shot by Jared Davidson.
15:35 of 2nd period - Shot Blocked by Mike Reilly.
16:00 of 2nd period - Shot by Nicholas Abruzzese.
16:00 of 2nd period - Stopped by Colten Ellis without a rebound.
16:01 of 2nd period - Ryder Rolston wins face-off versus Brett Berard in WASHINGTON BLACKHAWKS zone.
16:07 of 2nd period - Nicholas Abruzzese is hit by Jake Livingstone and loses puck.
16:21 of 2nd period - Off-side.
16:22 of 2nd period - Tyler Madden wins face-off versus Samuel Lipkin in neutral zone.
17:16 of 2nd period - Brett Berard is hit by Scooter Brickey and loses puck.
17:23 of 2nd period - Shot by Pierrick Dube.
17:23 of 2nd period - Stopped by Michael DiPietro with a rebound.
17:25 of 2nd period - Shot by Jake Livingstone.
17:25 of 2nd period - Shot Misses the Net.
17:27 of 2nd period - Shot by Brett Berard.
17:27 of 2nd period - Shot Misses the Net.
17:29 of 2nd period - Shot by Max Sasson.
17:29 of 2nd period - Shot Misses the Net.
17:31 of 2nd period - Shot by Brett Berard.
17:31 of 2nd period - Goal by Brett Berard - MANCHESTER MONARCHS : 1 - WASHINGTON BLACKHAWKS : 3.
17:32 of 2nd period - Ryan Tverberg wins face-off versus Ryder Rolston in neutral zone.
18:36 of 2nd period - Shot by Max Sasson.
18:36 of 2nd period - Shot Misses the Net.
19:00 of 2nd period - Shot by Mackenzie MacEachern.
19:00 of 2nd period - Stopped by Colten Ellis without a rebound.
19:01 of 2nd period - Kole Lind wins face-off versus Samuel Lipkin in WASHINGTON BLACKHAWKS zone.
19:04 of 2nd period - Shot by Mackenzie MacEachern.
19:04 of 2nd period - Shot Misses the Net.
19:13 of 2nd period - Icing by Mackenzie MacEachern.
19:14 of 2nd period - Jared Davidson wins face-off versus Ryan Tverberg in MANCHESTER MONARCHS zone.
19:14 of 2nd period - Jared Davidson is hit by Danila Klimovich.
19:30 of 2nd period - Shot by Lleyton Roed.
19:30 of 2nd period - Stopped by Michael DiPietro with a rebound.
19:42 of 2nd period - Shot by Danila Klimovich.
19:42 of 2nd period - Shot Misses the Net.
19:44 of 2nd period - Shot by Danila Klimovich.
19:44 of 2nd period - Shot Blocked by Scooter Brickey.
19:46 of 2nd period - Shot by Nikita Novikov.
19:46 of 2nd period - Stopped by Michael DiPietro with a rebound.
19:48 of 2nd period - Shot by Nikita Novikov.
19:48 of 2nd period - Shot Misses the Net.
19:50 of 2nd period - Shot by Viliam Kmec.
19:50 of 2nd period - Stopped by Michael DiPietro with a rebound.
19:57 of 2nd period - Icing by Jared Davidson.
19:58 of 2nd period - Samuel Lipkin wins face-off versus Jared Davidson in MANCHESTER MONARCHS zone.
Goals for this period are 1 for MANCHESTER MONARCHS vs 2 for WASHINGTON BLACKHAWKS.
Shots for this period are 12 for MANCHESTER MONARCHS vs 19 for WASHINGTON BLACKHAWKS.
3rd period
0:01 of 3rd period - Ross Johnston wins face-off versus Jared Davidson in neutral zone.
0:07 of 3rd period - Brett Berard is hit by Jayden Struble and loses puck.
0:13 of 3rd period - Brett Berard is hit by Jayden Struble and loses puck.
0:49 of 3rd period - Icing by Noah Juulsen.
0:50 of 3rd period - Jared Davidson wins face-off versus Ryan Tverberg in MANCHESTER MONARCHS zone.
0:52 of 3rd period - Icing by Mackenzie MacEachern.
0:53 of 3rd period - Lleyton Roed wins face-off versus Jared Davidson in MANCHESTER MONARCHS zone.
1:02 of 3rd period - Shot by Ryan Tverberg.
1:02 of 3rd period - Shot Misses the Net.
1:07 of 3rd period - Lleyton Roed is hit by Jayden Struble and loses puck.
1:16 of 3rd period - Shot by Lleyton Roed.
1:16 of 3rd period - Shot Misses the Net.
1:18 of 3rd period - Shot by Mike Reilly.
1:18 of 3rd period - Stopped by Michael DiPietro without a rebound.
1:19 of 3rd period - Ryder Rolston wins face-off versus Brett Berard in MANCHESTER MONARCHS zone.
1:19 of 3rd period - Ryder Rolston is hit by Brett Berard.
1:39 of 3rd period - Pierrick Dube is hit by Christoffer Sedoff and loses puck.
2:04 of 3rd period - Icing by Ty Smith.
2:05 of 3rd period - Nicholas Abruzzese wins face-off versus Lleyton Roed in MANCHESTER MONARCHS zone.
2:10 of 3rd period - Nick DeSimone is hit by Nicholas Abruzzese and loses puck.
2:18 of 3rd period - Icing by Nick DeSimone.
2:19 of 3rd period - Tyler Madden wins face-off versus Ryan Tverberg in WASHINGTON BLACKHAWKS zone.
2:26 of 3rd period - Shot by Chase Wheatcroft.
2:26 of 3rd period - Stopped by Colten Ellis without a rebound.
2:27 of 3rd period - Jon-Randall Avon wins face-off versus Jamieson Rees in WASHINGTON BLACKHAWKS zone.
2:27 of 3rd period - Jon-Randall Avon is hit by Scooter Brickey.
2:28 of 3rd period - Minor Penalty to Jamieson Rees for Tripping.
2:29 of 3rd period - Jared Davidson wins face-off versus Danila Klimovich in MANCHESTER MONARCHS zone.
3:04 of 3rd period - Shot by Ross Johnston.
3:04 of 3rd period - Shot Blocked by Jayden Struble.
3:40 of 3rd period - Shot by Brett Berard.
3:40 of 3rd period - Goal by Brett Berard - MANCHESTER MONARCHS : 1 - WASHINGTON BLACKHAWKS : 4.
3:41 of 3rd period - Brett Berard wins face-off versus Tyler Madden in neutral zone.
3:41 of 3rd period - Max Sasson is hit by Chase Wheatcroft and loses puck.
4:06 of 3rd period - Minor Penalty to David Gucciardi for Holding.
4:07 of 3rd period - Danila Klimovich wins face-off versus Jared Davidson in MANCHESTER MONARCHS zone.
4:08 of 3rd period - Shot by Lleyton Roed.
4:08 of 3rd period - Stopped by Michael DiPietro with a rebound.
4:20 of 3rd period - Jayden Struble is hit by Ross Johnston and loses puck.
4:37 of 3rd period - Shot by Danila Klimovich.
4:37 of 3rd period - Stopped by Michael DiPietro without a rebound.
4:38 of 3rd period - Mackenzie MacEachern wins face-off versus Brett Berard in MANCHESTER MONARCHS zone.
4:38 of 3rd period - Jayden Struble is hit by Ryan Tverberg and loses puck.
4:45 of 3rd period - Shot by Brett Berard.
4:45 of 3rd period - Stopped by Michael DiPietro without a rebound.
4:46 of 3rd period - Ryan Tverberg wins face-off versus Jared Davidson in MANCHESTER MONARCHS zone.
4:51 of 3rd period - Shot by Brett Berard.
4:51 of 3rd period - Shot Misses the Net.
4:53 of 3rd period - Shot by Nick DeSimone.
4:53 of 3rd period - Shot Misses the Net.
4:55 of 3rd period - Shot by Brett Berard.
4:55 of 3rd period - Shot Blocked by Ty Smith.
4:59 of 3rd period - Shot by Brett Berard.
4:59 of 3rd period - Stopped by Michael DiPietro without a rebound.
5:00 of 3rd period - Jared Davidson wins face-off versus Danila Klimovich in MANCHESTER MONARCHS zone.
6:19 of 3rd period - Shot by Brett Berard.
6:19 of 3rd period - Stopped by Michael DiPietro with a rebound.
6:21 of 3rd period - Shot by Brett Berard.
6:21 of 3rd period - Shot Misses the Net.
6:25 of 3rd period - Shot by Max Sasson.
6:25 of 3rd period - Stopped by Michael DiPietro without a rebound.
6:26 of 3rd period - Nicholas Abruzzese wins face-off versus Ryan Tverberg in MANCHESTER MONARCHS zone.
6:33 of 3rd period - Shot by Nicholas Abruzzese.
6:33 of 3rd period - Stopped by Colten Ellis without a rebound.
6:34 of 3rd period - Chase Wheatcroft wins face-off versus Max Sasson in WASHINGTON BLACKHAWKS zone.
6:41 of 3rd period - Shot by Chase Wheatcroft.
6:41 of 3rd period - Stopped by Colten Ellis without a rebound.
6:42 of 3rd period - Jared Davidson wins face-off versus Ryan Tverberg in WASHINGTON BLACKHAWKS zone.
6:49 of 3rd period - Icing by Danila Klimovich.
6:50 of 3rd period - Jared Davidson wins face-off versus Ryan Tverberg in WASHINGTON BLACKHAWKS zone.
6:53 of 3rd period - Shot by Jared Davidson.
6:53 of 3rd period - Shot Misses the Net.
6:55 of 3rd period - Shot by Mackenzie MacEachern.
6:55 of 3rd period - Shot Misses the Net.
6:57 of 3rd period - Shot by Noah Juulsen.
6:57 of 3rd period - Stopped by Colten Ellis with a rebound.
7:53 of 3rd period - Shot by Ryder Rolston.
7:53 of 3rd period - Shot Misses the Net.
8:02 of 3rd period - Minor Penalty to Christoffer Sedoff for Interference.
8:03 of 3rd period - Ryan Tverberg wins face-off versus Jared Davidson in MANCHESTER MONARCHS zone.
8:04 of 3rd period - Shot by Brett Berard.
8:04 of 3rd period - Stopped by Michael DiPietro with a rebound.
8:06 of 3rd period - Shot by Brett Berard.
8:06 of 3rd period - Stopped by Michael DiPietro without a rebound.
8:07 of 3rd period - Jared Davidson wins face-off versus Ryan Tverberg in MANCHESTER MONARCHS zone.
8:29 of 3rd period - Shot by Nick DeSimone.
8:29 of 3rd period - Stopped by Michael DiPietro with a rebound.
9:05 of 3rd period - Icing by Nikita Novikov.
9:06 of 3rd period - Danila Klimovich wins face-off versus Mackenzie MacEachern in WASHINGTON BLACKHAWKS zone.
9:06 of 3rd period - Danila Klimovich is hit by Mackenzie MacEachern.
9:23 of 3rd period - Shot by Danila Klimovich.
9:23 of 3rd period - Shot Blocked by David Gucciardi.
9:25 of 3rd period - Shot by Nikita Novikov.
9:25 of 3rd period - Shot Blocked by David Gucciardi.
9:27 of 3rd period - Shot by Jake Livingstone.
9:27 of 3rd period - Shot Blocked by David Gucciardi.
9:29 of 3rd period - Shot by Ross Johnston.
9:29 of 3rd period - Shot Misses the Net.
9:31 of 3rd period - Shot by Nikita Novikov.
9:31 of 3rd period - Shot Misses the Net.
9:33 of 3rd period - Shot by Nikita Novikov.
9:33 of 3rd period - Stopped by Michael DiPietro without a rebound.
9:34 of 3rd period - Mackenzie MacEachern wins face-off versus Ross Johnston in MANCHESTER MONARCHS zone.
9:34 of 3rd period - Mackenzie MacEachern is hit by Ross Johnston.
9:59 of 3rd period - Icing by Nikita Novikov.
10:00 of 3rd period - Jared Davidson wins face-off versus Lleyton Roed in WASHINGTON BLACKHAWKS zone.
10:11 of 3rd period - Shot by Chase Wheatcroft.
10:11 of 3rd period - Stopped by Colten Ellis without a rebound.
10:12 of 3rd period - Ryder Rolston wins face-off versus Brett Berard in WASHINGTON BLACKHAWKS zone.
10:22 of 3rd period - Icing by Brett Berard.
10:23 of 3rd period - Brett Berard wins face-off versus Jared Davidson in WASHINGTON BLACKHAWKS zone.
10:43 of 3rd period - Shot by Pierrick Dube.
10:43 of 3rd period - Stopped by Michael DiPietro without a rebound.
10:44 of 3rd period - Ryan Tverberg wins face-off versus Ryder Rolston in MANCHESTER MONARCHS zone.
10:49 of 3rd period - Shot by Lleyton Roed.
10:49 of 3rd period - Shot Misses the Net.
10:51 of 3rd period - Shot by Jake Livingstone.
10:51 of 3rd period - Stopped by Michael DiPietro without a rebound.
10:52 of 3rd period - Ryder Rolston wins face-off versus Samuel Lipkin in MANCHESTER MONARCHS zone.
10:52 of 3rd period - Jayden Struble is hit by Ross Johnston.
11:11 of 3rd period - Shot by Ross Johnston.
11:11 of 3rd period - Stopped by Michael DiPietro without a rebound.
11:12 of 3rd period - Ryan Tverberg wins face-off versus Jared Davidson in MANCHESTER MONARCHS zone.
11:27 of 3rd period - Shot by Lleyton Roed.
11:27 of 3rd period - Stopped by Michael DiPietro without a rebound.
11:28 of 3rd period - Ross Johnston wins face-off versus Ryder Rolston in MANCHESTER MONARCHS zone.
11:28 of 3rd period - Brett Berard is hit by Jayden Struble and loses puck.
11:45 of 3rd period - Shot by Ryder Rolston.
11:45 of 3rd period - Shot Blocked by Nikita Novikov.
11:53 of 3rd period - Shot by Brett Berard.
11:53 of 3rd period - Shot Misses the Net.
12:01 of 3rd period - Brett Berard is hit by Roni Hirvonen and loses puck.
12:08 of 3rd period - Shot by Nicholas Abruzzese.
12:08 of 3rd period - Shot Misses the Net.
12:36 of 3rd period - Shot by Lleyton Roed.
12:36 of 3rd period - Deflect By Danila Klimovich.
12:36 of 3rd period - Stopped by Michael DiPietro without a rebound.
12:37 of 3rd period - Chase Stillman wins face-off versus Lleyton Roed in MANCHESTER MONARCHS zone.
12:43 of 3rd period - Icing by Chase Stillman.
12:44 of 3rd period - Lleyton Roed wins face-off versus Tyler Madden in MANCHESTER MONARCHS zone.
12:49 of 3rd period - Shot by Danila Klimovich.
12:49 of 3rd period - Shot Misses the Net.
12:51 of 3rd period - Shot by Mike Reilly.
12:51 of 3rd period - Goal by Mike Reilly - MANCHESTER MONARCHS : 1 - WASHINGTON BLACKHAWKS : 5.
12:52 of 3rd period - Ryan Tverberg wins face-off versus Jared Davidson in neutral zone.
12:54 of 3rd period - Off-side.
12:55 of 3rd period - Ryan Tverberg wins face-off versus Jared Davidson in neutral zone.
13:05 of 3rd period - Danila Klimovich is hit by Jayden Struble and loses puck.
13:08 of 3rd period - Shot by Lleyton Roed.
13:08 of 3rd period - Stopped by Michael DiPietro without a rebound.
13:09 of 3rd period - Ross Johnston wins face-off versus Ryder Rolston in MANCHESTER MONARCHS zone.
13:14 of 3rd period - Shot by Brett Berard.
13:14 of 3rd period - Deflect By Pierrick Dube.
13:14 of 3rd period - Stopped by Michael DiPietro without a rebound.
13:15 of 3rd period - Jared Davidson wins face-off versus Ross Johnston in MANCHESTER MONARCHS zone.
13:53 of 3rd period - Shot by Mackenzie MacEachern.
13:53 of 3rd period - Deflect By Jared Davidson.
13:53 of 3rd period - Stopped by Colten Ellis without a rebound.
13:54 of 3rd period - Ryder Rolston wins face-off versus Ryan Tverberg in WASHINGTON BLACKHAWKS zone.
14:04 of 3rd period - Minor Penalty to Ryder Rolston for Slashing.
14:05 of 3rd period - Danila Klimovich wins face-off versus Jared Davidson in MANCHESTER MONARCHS zone.
15:01 of 3rd period - Shot by Brett Berard.
15:01 of 3rd period - Stopped by Michael DiPietro with a rebound.
16:09 of 3rd period - Shot by Roni Hirvonen.
16:09 of 3rd period - Stopped by Colten Ellis without a rebound.
16:10 of 3rd period - Samuel Lipkin wins face-off versus Ryder Rolston in WASHINGTON BLACKHAWKS zone.
16:10 of 3rd period - Samuel Lipkin is hit by Ryder Rolston.
16:11 of 3rd period - Minor Penalty to David Gucciardi for Holding.
16:12 of 3rd period - Jared Davidson wins face-off versus Ryan Tverberg in MANCHESTER MONARCHS zone.
16:41 of 3rd period - Shot by Nikita Novikov.
16:41 of 3rd period - Stopped by Michael DiPietro with a rebound.
16:51 of 3rd period - Ross Johnston is hit by Kole Lind and loses puck.
16:59 of 3rd period - Icing by Nick DeSimone.
17:00 of 3rd period - Mackenzie MacEachern wins face-off versus Ross Johnston in WASHINGTON BLACKHAWKS zone.
17:13 of 3rd period - Shot by Ross Johnston.
17:13 of 3rd period - Stopped by Michael DiPietro without a rebound.
17:14 of 3rd period - Ryan Tverberg wins face-off versus Mackenzie MacEachern in MANCHESTER MONARCHS zone.
17:33 of 3rd period - Jake Livingstone is hit by Kole Lind and loses puck.
18:58 of 3rd period - Tyler Madden is hit by Viliam Kmec and loses puck.
19:04 of 3rd period - Icing by Danila Klimovich.
19:05 of 3rd period - Samuel Lipkin wins face-off versus Ryder Rolston in WASHINGTON BLACKHAWKS zone.
19:05 of 3rd period - Samuel Lipkin is hit by Ryder Rolston.
19:20 of 3rd period - Shot by Ryder Rolston.
19:20 of 3rd period - Shot Misses the Net.
19:28 of 3rd period - Shot by Ryder Rolston.
19:28 of 3rd period - Stopped by Colten Ellis with a rebound.
19:30 of 3rd period - Shot by Ty Smith.
19:30 of 3rd period - Shot Misses the Net.
19:31 of 3rd period - Minor Penalty to Akito Hirose for High sticking.
19:32 of 3rd period - Jared Davidson wins face-off versus Danila Klimovich in WASHINGTON BLACKHAWKS zone.
19:35 of 3rd period - Shot by Jared Davidson.
19:35 of 3rd period - Stopped by Colten Ellis with a rebound.
Goals for this period are 0 for MANCHESTER MONARCHS vs 2 for WASHINGTON BLACKHAWKS.
Shots for this period are 9 for MANCHESTER MONARCHS vs 23 for WASHINGTON BLACKHAWKS.
Back to the Top